 Dungeon Crawl Stone Soup version 0.30.1-3-gfc49f6343a (webtiles) character file.

Game seed: 7526050904852891826

130 spardeous the Digger (level 4, -9/33 HPs)
             Began as a Demigod Earth Elementalist on July 21, 2023.
             Killed from afar by Grinder (19 damage)
             ... with a bolt of dispelling energy
             ... on level 4 of the Dungeon.
             The game lasted 00:04:54 (2967 turns).

spardeous the Digger (Demigod Earth Elementalist)   Turns: 2967, Time: 00:04:55

Health: -9/33      AC:  3    Str:  9    XL:     4   Next: 60%
Magic:  5/9        EV: 11    Int: 21    God:
Gold:   144        SH:  0    Dex: 18    Spells: 5/6 levels left

rFire   . . .        n - +1 short sword of Caustic Valiance {venom, rElec rPois Dex-2 SInv}
rCold   . . .        (no shield)
rNeg    + . .        v - +0 leather armour
rPois   +            (no helmet)
rElec   +            (no cloak)
rCorr   .            (no gloves)
SInv    +            (no boots)
Will    .....        (no amulet)
Stlth   ++           l - ring of positive energy
HPRegen 0.25/turn    p - +6 ring of dexterity
MPRegen 0.11/turn

%: no passive effects
@: no status effects
A: high MP 1, forlorn, divine attributes
a: no special abilities


You were on level 4 of the Dungeon.
You visited 1 branch of the dungeon, and saw 4 of its levels.

You collected 144 gold pieces.

Inventory:

Hand Weapons
 n - the +1 short sword of Caustic Valiance (weapon) {venom, rElec rPois Dex-2 SInv}
   (You found it on level 2 of the Dungeon)

   Dex:       It affects your dexterity (-2).
   rElec:     It insulates you from electricity.
   rPois:     It protects you from poison.
   SInv:      It lets you see invisible.
Armour
 a - a +0 robe
 v - a +0 leather armour (worn)
Jewellery
 l - a ring of positive energy (left hand)
 p - a +6 ring of dexterity (right hand)
Scrolls
 c - a scroll of torment {unknown}
 d - 2 scrolls of identify {unknown}
 e - 3 scrolls of teleportation {unknown}
 g - a scroll of amnesia {unknown}
 h - a scroll of enchant armour {unknown}
 i - 3 scrolls of noise {unknown}
 k - 2 scrolls of blinking {unknown}
 u - a scroll of fog {unknown}
Potions
 b - a potion of magic
 f - a potion of resistance {unknown}
 j - a potion of berserk rage {unknown}
 m - 2 potions of curing {unknown}
 o - 2 potions of ambrosia {unknown}
 q - 2 potions of mutation {unknown}
 r - a potion of cancellation {unknown}
 s - a potion of lignification {unknown}
 t - a potion of degeneration {unknown}


   Skills:
 - Level 1.7 Dodging
 - Level 1.7 Stealth
 - Level 1.7 Spellcasting
 - Level 0.8 Transmutations
 + Level 5.1 Earth Magic


You had 5 spell levels left.
You knew the following spells:

 Your Spells              Type           Power      Damage    Failure   Level
a - Sandblast             Erth           46%        2d11      2%          1

Your spell library contained the following spells:

 Spells                   Type           Power      Damage    Failure   Level
 Passwall                 Tmut/Erth      11%        N/A       10%         2
 Wereblood                Tmut           5%         N/A       22%         2
 Stone Arrow              Conj/Erth      24%        3d8       22%         3
 Sublimation of Blood     Necr           1%         N/A       32%         2
 Petrify                  Tmut/Erth      14%        N/A       52%         4
 Summon Hydra             Summ           0%         N/A       100%        7


Dungeon Overview and Level Annotations

Branches:
Dungeon (4/15)
 Temple: D:4-7

Annotations:
D:4 Grinder


Innate Abilities, Weirdness & Mutations

You have an increased reservoir of magic. (+10% MP)
You shall have no god before yourself.
Your divine heritage dramatically boosts your attributes as you level up.


Message History

Confirm with . or Enter, or press ? or * to list all spells.
Aiming: Sandblast (safe; 2% risk of failure)
Press: ? - help, Shift-Dir - straight line, f/p - Grinder
Aim: Grinder, carrying a wand of quicksilver (3) (81% to hit)
The blast of sand hits Grinder.
Grinder is lightly wounded.
Sorry, you're not good enough to have a special ability.
Casting: Sandblast (safe; 2% risk of failure)
Confirm with . or Enter, or press ? or * to list all spells.
Aiming: Sandblast (safe; 2% risk of failure)
Press: ? - help, Shift-Dir - straight line, f/p - Grinder
Aim: Grinder, carrying a wand of quicksilver (3) (lightly wounded, 81% to hit)
The blast of sand hits Grinder.
Grinder is moderately wounded.
Grinder hits you!
You writhe in agony.
* * * LOW HITPOINT WARNING * * *
Grinder gestures at you.
You barely resist.
Sorry, you're not good enough to have a special ability.
Casting: Sandblast (safe; 2% risk of failure)
Confirm with . or Enter, or press ? or * to list all spells.
Aiming: Sandblast (safe; 2% risk of failure)
Press: ? - help, Shift-Dir - straight line, f/p - Grinder
Aim: Grinder, carrying a wand of quicksilver (3) (moderately wounded, 81% to hit)
The blast of sand misses Grinder.
Grinder blinks!
Sorry, you're not good enough to have a special ability.
Casting: Sandblast (safe; 2% risk of failure)
Confirm with . or Enter, or press ? or * to list all spells.
Aiming: Sandblast (safe; 2% risk of failure)
Press: ? - help, Shift-Dir - straight line, f/p - Grinder
Aim: Grinder, carrying a wand of quicksilver (3) (moderately wounded, 81% to hit)
The blast of sand hits Grinder.
Grinder is heavily wounded.
Grinder says, "Just stop there for a second..."
Grinder zaps a wand.
The bolt of dispelling energy misses you.
Grinder zaps a wand.
The bolt of dispelling energy hits you!!
Ouch! That really hurt!
You die...

###########.......#
#..5..........>.#.#
#.########......#.#######
#.# ##.#.>.......... #.#
#.#.###.######. #.# #.#.#
#.# ###.### #.#'###.#
#.....# #.......# #.#5#.#
##...@.### #.#.#.#
##.......## # #.. .
#........5# #.. ..
+.........+ ##.. ##
#.........# #.
##.......## !. ##..>..##
##...## ##+##


You could see Grinder.

Vanquished Creatures
  A gnoll (D:1)
  5 adders (D:2)
  4 worms
  A dart slug (D:2)
  8 orcs (D:3)
  3 ball pythons
  2 endoplasms
  3 giant cockroaches
  3 goblins
  5 hobgoblins
  2 jackals (D:1)
  2 quokkas
  9 bats
  3 frilled lizards
  3 kobolds
  3 rats
57 creatures vanquished.

Notes
Turn   | Place    | Note
-------+----------+-------------------------------------------
     0 | D:1      | spardeous the Demigod Earth Elementalist began the quest
                  | for the Orb.
     0 | D:1      | Reached XP level 1. HP: 14/14 MP: 5/5
   136 | D:1      | Reached skill level 3 in Earth Magic
   136 | D:1      | Reached XP level 2. HP: 13/20 MP: 4/7
   828 | D:2      | Reached XP level 3. HP: 26/26 MP: 4/8
   869 | D:2      | Identified the +1 short sword of Caustic Valiance {venom,
                  | rElec rPois Dex-2 SInv}
   933 | D:2      | Reached skill level 4 in Earth Magic
  1374 | D:2      | Reached XP level 4. HP: 33/33 MP: 7/9
  2449 | D:3      | Reached skill level 5 in Earth Magic
  2869 | D:4      | Noticed Grinder
  2961 | D:4      | Paralysed by Grinder for 3 turns
  2967 | D:4      | Killed from afar by Grinder

Illustrated notes

Levels and vault maps discovered:
D:1:      eino_arrival_water_cross, layout_loops_ring, minmay_hexomino_u4
D:2:      layout_loops_corners, minmay_quantized
D:3:      layout_loops_ring, nicolae_overflow_two_pavilions, glass_columns_a
D:4:      layout_loops_corners, ebering_ghost_gozag, minmay_ruptured,
          uniq_edmund, uniq_grinder

Skill      XL: |  1  2  3  4 |
---------------+-------------+-----
Earth Magic    | 3 4 5 |  5.1
Dodging        | |  1.7
Stealth        | |  1.7
Spellcasting   | |  1.7
Transmutations | |  0.8

Action                     |  1- 3 |  4- 6 || total
---------------------------+-------+-------++-------
  Melee: Short sword       |       |     2 ||     2
   Cast: Sandblast         |    46 |    42 ||    88
   Stab: Sleeping          |       |     1 ||     1
 Armour: Robe              |     2 |     1 ||     3
  Dodge: Dodged            |    14 |    13 ||    27
